 Dungeon Crawl Stone Soup version 0.21.0-25-ge575cb9 (webtiles) character file.

166435 Firecrotchwizard the Brawler (level 17, 0/179 HPs)
             Began as a Troll Monk on Jan 27, 2018.
             Was a High Priest of Okawaru.
             Slain by a swamp worm (11 damage)
             ... called by a spriggan druid
             ... on level 4 of the Swamp.
             The game lasted 01:52:47 (27730 turns).

Firecrotchwizard the Brawler (Troll Monk)          Turns: 27730, Time: 01:52:47

Health: 0/179      AC: 22    Str: 23    XL:     17   Next: 29%
Magic:  13/20      EV: 19    Int:  6    God:    Okawaru [*****.]
Gold:   1611       SH:  0    Dex: 17    Spells: 16/16 levels left

rFire    + . .     SeeInvis .     - Unarmed
rCold    + . .     Gourm    +   (no shield)
rNeg     . . .     Faith    .   Q - +0 swamp dragon scales
rPois    +         Spirit   .   x - +2 hat
rElec    .         Reflect  .   G - scarf {rC+ rF+}
rCorr    .         Harm     .   (gloves unavailable)
MR       +....                  (boots unavailable)
Stlth    +++.......             U - amulet of regeneration {@e1+regen, !d}
HPRegen  1.19/turn              O - +5 ring of protection
MPRegen  0.17/turn              I - +4 ring of slaying

@: heroism, finesse
A: large, unfitting armour, claws 3, fast metabolism 3, gourmand, regeneration
1, shaggy fur 1, tough skin 2
a: Heroism, Finesse, Renounce Religion


You were on level 4 of the Swamp.
You worshipped Okawaru.
Okawaru was extremely pleased with you.
You were full.

You visited 5 branches of the dungeon, and saw 28 of its levels.
You also visited: Labyrinth, Bailey and Ice Cave.

You collected 2558 gold pieces.
You spent 947 gold pieces at shops.

Inventory:

Hand Weapons
 v - a +1 blowgun
   (You took it off a kobold on level 3 of the Dungeon)
Missiles
 u - 6 curare-tipped needles
 B - 8 throwing nets {=f, !d}
 T - 20 large rocks (quivered) {!d}
Armour
 x - a +2 hat (worn)
   (You found it on level 5 of the Dungeon)
 C - the +3 ice dragon scales "Ovubusea" {rF- rC++ MR+ Stlth+}
   (You found it in an ice cave)

   It makes you vulnerable to fire.
   It greatly protects you from cold.
   It affects your resistance to hostile enchantments.
   It makes you more stealthy.
 G - a scarf of resistance (worn)
   (You found it on level 6 of the Dungeon)
 Q - +0 swamp dragon scales (worn)
   (You found it on level 1 of the Swamp)
 V - a +1 cloak of invisibility
   (You found it in a labyrinth)
Jewellery
 e - an uncursed ring of protection from magic {MR+, !d}
   (You found it on level 4 of the Swamp)
 o - an uncursed ring of positive energy {rN+}
   (You found it on level 13 of the Dungeon)
 D - an uncursed ring of protection from fire {rF+, !d}
   (You found it on level 5 of the Dungeon)
 I - a +4 ring of slaying (right claw)
   (You found it on level 1 of the Lair of Beasts)
 J - an uncursed ring of protection from fire {rF+, !d}
   (You found it on level 9 of the Dungeon)
 M - an uncursed ring of flight {+Fly, !d}
   (You found it on level 6 of the Lair of Beasts)
 O - a +5 ring of protection (left claw)
   (You bought it in a shop on level 5 of the Dungeon)
 U - an amulet of regeneration (around neck) {@e1+regen, !d}
   (You found it on level 12 of the Dungeon)
Wands
 j - a wand of iceblast (15)
   (You found it on level 9 of the Dungeon)
 m - a wand of polymorph (20)
   (You found it on level 7 of the Dungeon)
 K - a wand of disintegration (23) {@e1}
   (You found it on level 9 of the Dungeon)
Scrolls
 d - 10 scrolls of teleportation
 k - 7 scrolls of amnesia
 l - 18 scrolls of remove curse
 q - 3 scrolls of blinking {!r}
 w - a scroll of summoning
 y - 3 scrolls of magic mapping {!r}
 E - 2 scrolls of fear
 H - 2 scrolls of enchant weapon
 R - 3 scrolls of fog
 Y - 3 scrolls of identify
Potions
 f - 5 potions of ambrosia
 g - 5 potions of agility
 h - 5 potions of flight
 i - 3 potions of heal wounds
 n - 4 potions of lignification {!q}
 p - 2 potions of berserk rage {!q}
 r - 4 potions of haste
 s - 2 potions of invisibility
 t - a potion of might
 z - 6 potions of curing
 N - 3 potions of mutation {!q}
 X - 2 potions of brilliance
 Z - 2 potions of cancellation
Books
 W - a book of Dreams
   (You found it on level 1 of the Swamp)
Miscellaneous
 a - a phial of floods
   (You found it on level 9 of the Dungeon)
 c - a lightning rod (4/4)
   (You found it on level 15 of the Dungeon)
 F - a sack of spiders
 P - a phantom mirror
Comestibles
 b - 55 rations {@e1}


   Skills:
 + Level 13.8(18.8) Fighting
 - Level 5.2(10.2) Throwing
 - Level 12.4(17.4) Armour
 - Level 10.0(15.0) Dodging
 - Level 1.0(6.0) Stealth
 - Level 16.6(21.6) Unarmed Combat
 - Level 6.0 Invocations
 + Level 5.4 Evocations


You had 16 spell levels left.
You didn't know any spells.

Dungeon Overview and Level Annotations

Branches:
Dungeon (15/15)            Temple (1/1) D:4            Lair (6/6) D:8
  Swamp (4/4) Lair:2       Spider (0/4) Lair:3        Slime (0/5) Lair:6
    Orc (2/2) D:12            Elf (0/3) Orc:2        Vaults (0/5) D:13
 Depths (0/5) D:15

Altars:
Ashenzari
Cheibriados
Dithmenos
Elyvilon
Fedhas
Gozag
Hepliaklqana
Kikubaaqudgha
Makhleb
Nemelex Xobeh
Okawaru
Qazlal
Ru
Sif Muna
Trog
Uskayaw
Vehumet
Wu Jian
Xom
Yredelemnul
Zin
The Shining One
Beogh
Jiyva

Shops:
D:5 (=   D:11 }!(*   D:12 }*[%   Orc:1 (:   Orc:2 %=}=

Annotations:
D:3 1 runed door
D:5 exclusion: Sigmund, Sigmund
Lair:1 exclusion: oklob plant
Lair:3 exclusions: blink frog, electric eel and 1 more exclusion
Lair:6 1 runed door
Swamp:1 exclusion: swamp drake
Swamp:2 Kirke


Innate Abilities, Weirdness & Mutations

You are too large for most types of armour.
You have claws for hands.
Your metabolism is lightning-fast.
You like to eat raw meat.
Your natural rate of healing is unusually fast.
You are covered in fur. (AC +1)
You have very tough skin. (AC +2)


Message History

You take 7 damage, and have 131/179 hp.
Aim: a five-headed hydra (almost dead)
You throw a large rock {!d}.
The large rock {!d} hits the five-headed hydra!!!
You kill the five-headed hydra!
Okawaru accepts your kill.
The spriggan druid hits you but does no damage.
You regained 2 hp, and now have 133/179 hp.
You scratch the spriggan druid. You claw the spriggan druid!
You eviscerate the spriggan druid!!!
With its final breath, the spriggan druid offers up its power to the beasts of the wild!
You kill the spriggan druid!
Okawaru accepts your kill.
An eight-headed hydra comes into view.
Items here: ( ) [ †† a quarterstaff; a robe; 4 large rocks {!d}; a spriggan corpse; a hydra corpse
Aim: an eight-headed hydra (unusually strong)
You throw a large rock {!d}.
The large rock {!d} hits the eight-headed hydra!!
You feel like a meek peon again.
You regained 2 hp, and now have 138/179 hp.
Aim: an eight-headed hydra (water, moderately wounded, unusually strong)
You throw a large rock {!d}.
The large rock {!d} barely misses the eight-headed hydra.
The eight-headed hydra bites you.
The eight-headed hydra bites you but does no damage. x2
The eight-headed hydra bites you!! The eight-headed hydra bites you.
The eight-headed hydra barely misses you.
The eight-headed hydra bites you but does no damage.
The eight-headed hydra bites you!
The eight-headed hydra bites you but does no damage.
The eight-headed hydra completely misses you.
The eight-headed hydra closely misses you.
The eight-headed hydra bites you but does no damage.
The eight-headed hydra barely misses you.
The eight-headed hydra bites you but does no damage. x2
The eight-headed hydra bites you!
A swamp worm comes into view.
You take 51 damage, and have 87/179 hp.
MASSIVE DAMAGE!!
Aim: an eight-headed hydra (moderately wounded, unusually strong)
You throw a large rock {!d}.
The large rock {!d} hits the eight-headed hydra!!
The eight-headed hydra misses you. x2
The eight-headed hydra barely misses you.
The eight-headed hydra bites you.
The eight-headed hydra closely misses you.
The eight-headed hydra bites you!
The eight-headed hydra bites you but does no damage.
The eight-headed hydra closely misses you.
A swamp worm comes into view.
You take 12 damage, and have 75/179 hp.
Aim: an eight-headed hydra (severely wounded, unusually strong)
You throw a large rock {!d}.
The large rock {!d} hits the eight-headed hydra!!
You kill the eight-headed hydra!
Okawaru accepts your kill.
You regained 2 hp, and now have 77/179 hp.
You see here a glowing mace.
You barely miss the swamp worm.
The swamp worm bites you but does no damage.
You barely miss the swamp worm.
The swamp worm bites you but does no damage.
You scratch the swamp worm but do no damage.
The swamp worm bites you!
The swamp worm bites you but does no damage.
You take 10 damage, and have 70/179 hp.
You barely miss the swamp worm. The swamp worm bites you!
You take 7 damage, and have 63/179 hp.
You scratch the swamp worm.
The swamp worm bites you but does no damage.
The swamp worm bites you!
* * * LOW HITPOINT WARNING * * *
You take 12 damage, and have 51/179 hp.
You barely miss the swamp worm. The swamp worm bites you!
* * * LOW HITPOINT WARNING * * *
You take 15 damage, and have 36/179 hp.
You closely miss the swamp worm.
The swamp worm bites you but does no damage.
The swamp worm bites you.
* * * LOW HITPOINT WARNING * * *
You take 3 damage, and have 33/179 hp.
You claw the swamp worm! The swamp worm bites you.
* * * LOW HITPOINT WARNING * * *
The swamp worm barely misses you.
You take 5 damage, and have 28/179 hp.
You gain the combat prowess of a mighty hero.
The swamp worm completely misses you. The swamp worm bites you!
* * * LOW HITPOINT WARNING * * *
You take 7 damage, and have 21/179 hp.
You now have 18/20 mp.
You can now deal lightning-fast blows.
The swamp worm bites you!
* * * LOW HITPOINT WARNING * * *
The swamp worm closely misses you.
You take 11 damage, and have 10/179 hp.
You now have 13/20 mp.
You mangle the swamp worm!!
You kill the swamp worm!
Okawaru accepts your kill. The swamp worm bites you!
You die...

≈≈≈≈≈♣.)♣♣♣♣♣♣≈..≈
#♣.≈≈≈≈≈.§..♣ ♣≈...≈
#.≈.≈≈≈≈≈≈.≈♣ ♣♣.≈≈≈≈
##♣.%.≈≈≈≈≈≈≈.♣♣ ≈.≈.≈≈
##(≈≈§≈.≈≈≈≈≈≈≈.♣♣..≈≈≈≈
.≈.≈≈≈≈≈.≈≈≈≈≈..♣♣♣♣.≈≈≈
♣≈≈≈≈≈(≈≈≈≈≈≈≈...≈♣§≈≈≈≈
≈.≈≈≈≈w.≈≈.≈≈≈.♣...≈≈≈..
..(≈§..@)..≈≈.≈.≈≈.≈≈≈.♣
)≈≈..§♣♣.(≈≈≈≈≈≈≈≈≈..≈♣≈
.♣♣♣♣≈.≈≈≈≈≈≈≈≈≈≈≈..♣≈..
♣♣.≈≈≈≈≈≈≈≈≈≈≈.≈≈≈≈≈
♣≈.?..♣(≈≈≈≈..≈≈≈≈≈
♣♣♣♣♣♣...≈≈≈≈.§≈≈≈.
♣♣≈≈(.≈..≈≈...
≈≈♣♣♣≈≈♣.≈..≈ ♣♣♣...§.


You could see a swamp worm.

Vanquished Creatures
  4 thorn hunters
  A fire giant (D:15)
  A reaper (IceCv)
  A minotaur (Lab)
  Fannar (D:11)
  A yaktaur captain (D:15)
  22 hydras
  2 ghost crabs
  A merfolk avatar (Lair:6)
  The ghost of SmSkdm the Martial Artist, a journeyman GnTm of Wu Jian (D:10)
  8 vault guards (D:13)
  The ghost of lux767 the Destroyer, a journeyman DsFE of Vehumet (D:11)
  Erica (D:11)
  A catoblepas (D:13)
  3 alligators
  2 death knights
  3 centaur warriors
  2 ogre magi (Orc:2)
  14 two-headed ogres
  9 death yaks
  2 tengu warriors
  6 spriggans
  8 skeletal warriors
  The ghost of lux767 the Destroyer, a novice DsFE of Vehumet (D:7)
  A sea snake (Lair:6)
  A shambling mangrove (Swamp:4)
  10 swamp dragons
  An unseen horror (D:15)
  3 spriggan druids (Swamp:4)
  A glowing orange brain (shapeshifter) (D:15)
  A wizard (D:14)
  4 deep elf magi
  2 deep trolls (Orc:2)
  2 orc knights
  A phantasmal warrior (D:14)
  A harpy (Lair:6)
  An ugly thing (D:11)
  2 orc sorcerers
  6 cyclopes
  5 manticores
  17 elephants
  A moth of wrath (shapeshifter) (D:13)
  6 black mambas
  2 ice statues (IceCv)
  2 torpor snails
  4 gargoyles
  14 spiny frogs
  3 rime drakes
  2 efreet
  A kobold demonologist (D:13)
  17 komodo dragons
  2 freezing wraiths (D:14)
  11 ice devils (IceCv)
  6 yaktaurs (D:15)
  2 queen bees
  5 polar bears
  5 tyrant leeches
  Grinder (D:3)
  14 trolls
  A wind drake (Lair:6)
  A meliai (D:15)
  7 bog bodies
  9 hornets
  29 blink frogs
  8 slime creatures
  13 hippogriffs
  A meliai zombie (D:14)
  3 shadows
  7 wraiths
  41 yaks
  A vampire (D:15)
  3 basilisks
  4 wyverns
  A hog (Swamp:3)
  5 hungry ghosts
  27 vampire mosquitoes
  A warg (Orc:2)
  17 swamp worms
  A soldier ant (D:13)
  21 water moccasins
  13 swamp drakes
  28 orc warriors
  14 porcupines
  3 black bears
  8 ice beasts
  2 phantoms
  An eye of draining (D:9)
  8 sky beasts
  2 necrophages
  8 wolves
  32 ogres
  12 centaurs
  17 crocodiles
  2 big kobolds
  25 bullfrogs
  8 gnoll sergeants (Bailey)
  A wyvern zombie (D:13)
  8 scorpions
  A wyvern skeleton (D:13)
  A hornet simulacrum (D:14)
  54 killer bees
  6 wights
  4 howler monkeys
  5 electric eels
  3 bullfrog zombies
  6 crimson imps
  5 jellies
  2 quasits
  A centaur zombie (D:12)
  16 hounds
  2 bullfrog skeletons
  21 orc priests
  6 gnoll shamans (Bailey)
  3 iguanas
  5 centaur skeletons
  Terence (D:2)
  32 orc wizards
  10 worker ants
  A hound zombie (D:11)
  2 hound skeletons
  A mummy (D:8)
  14 adders
  A howler monkey skeleton (D:8)
  14 gnolls (Bailey)
  4 shadow imps
  5 white imps (IceCv)
  10 ufetubi (IceCv)
  An adder skeleton (D:4)
  2 worms (D:2)
  4 leopard geckos
  120 orcs
  3 ball pythons
  5 giant cockroaches
  14 goblins
  14 hobgoblins
  4 jackals
  5 quokkas
  6 bats
  3 frilled lizards (D:1)
  A jackal skeleton (D:6)
  16 kobolds
  A leopard gecko skeleton (D:4)
  A quokka skeleton (D:7)
  7 rats (D:1)
  2 fungi
1091 creatures vanquished.

Vanquished Creatures (others)
  A shadow wraith (D:15)
  A vampire (D:9)
  A crimson imp (D:15)
  2 white imps (IceCv)
  2 ufetubi (IceCv)
  An orc (Orc:1)
  A jackal zombie (D:12)
  35 fungi
  18 plants
62 creatures vanquished.

Grand Total: 1153 creatures vanquished

Notes
Turn   | Place    | Note
-------+----------+-------------------------------------------
     0 | D:1      | Firecrotchwizard the Troll Monk began the quest for the Orb.
     0 | D:1      | Reached XP level 1. HP: 22/22 MP: 0/0
   106 | D:1      | Reached XP level 2. HP: 28/29 MP: 1/1
   114 | D:1      | Found a sparkling altar of Nemelex Xobeh.
   313 | D:1      | Reached skill level 4 in Unarmed Combat
   492 | D:1      | Reached XP level 3. HP: 36/36 MP: 2/2
   985 | D:2      | Noticed Terence
   991 | D:2      | Killed Terence
   991 | D:2      | Reached skill level 5 in Unarmed Combat
   991 | D:2      | Reached XP level 4. HP: 17/44 MP: 3/3
  1466 | D:3      | Noticed Grinder
  1544 | D:3      | Found an opulent altar of Gozag.
  1669 | D:3      | Noticed an ogre
  1675 | D:3      | Killed an ogre
  1675 | D:3      | Reached skill level 6 in Unarmed Combat
  1675 | D:3      | Reached XP level 5. HP: 50/50 MP: 4/4
  2012 | D:3      | Paralysed by Grinder for 4 turns
  2034 | D:3      | Killed Grinder
  2034 | D:3      | Reached skill level 7 in Unarmed Combat
  2034 | D:3      | Reached XP level 6. HP: 35/59 MP: 5/5
  2235 | D:3      | Found a runed door.
  2291 | D:4      | Reached skill level 8 in Unarmed Combat
  2317 | D:4      | Reached XP level 7. HP: 66/66 MP: 6/6
  2494 | D:4      | Found a staircase to the Ecumenical Temple.
  2511 | Temple   | Entered the Ecumenical Temple
  2609 | Temple   | Became a worshipper of Warmaster Okawaru
  2609 | Temple   | Reached * piety under Okawaru
  2609 | Temple   | Reached ** piety under Okawaru
  3153 | D:5      | Entered Level 5 of the Dungeon
  3162 | D:5      | Found Xewymema's Jewellery Emporium.
  3242 | D:5      | Noticed Sigmund
  3265 | D:5      | Found a glowing silver altar of Zin.
  3265 | D:5      | Noticed an angel
  3312 | D:5      | Reached skill level 9 in Unarmed Combat
  3378 | D:5      | Found a shadowy altar of Dithmenos.
  3382 | D:5      | Found Meocoar's Antique Weapon Shoppe.
  3645 | D:6      | Reached XP level 8. HP: 67/74 MP: 7/7
  3696 | D:6      | Reached skill level 10 in Unarmed Combat
  3780 | D:6      | Found a glowing golden altar of the Shining One.
  3900 | D:6      | Reached *** piety under Okawaru
  3907 | D:6      | Reached skill level 3 in Fighting
  3907 | D:6      | Reached skill level 3 in Dodging
  4475 | D:6      | Reached skill level 4 in Fighting
  4475 | D:6      | Reached skill level 4 in Dodging
  4795 | D:7      | Found a basalt altar of Yredelemnul.
  4824 | D:7      | Noticed lux767's ghost (novice DsFE)
  4859 | D:7      | Killed lux767's ghost
  4859 | D:7      | Reached **** piety under Okawaru
  4859 | D:7      | Reached skill level 5 in Fighting
  4859 | D:7      | Reached skill level 5 in Dodging
  4859 | D:7      | Reached XP level 9. HP: 56/88 MP: 5/8
  5058 | D:7      | Found a hide-covered altar of Uskayaw.
  5256 | D:7      | Found a sacrificial altar of Ru.
  5316 | D:7      | Reached ***** piety under Okawaru
  5331 | D:7      | Reached skill level 6 in Fighting
  5331 | D:7      | Reached skill level 6 in Dodging
  5560 | D:8      | Received a gift from Okawaru
  5664 | D:8      | Reached XP level 10. HP: 52/100 MP: 6/9
  5706 | D:8      | Found a staircase to the Lair.
  5768 | D:8      | Reached skill level 7 in Dodging
  5829 | D:8      | Reached skill level 7 in Fighting
  5999 | D:8      | Found a deep blue altar of Sif Muna.
  6125 | D:8      | Noticed a two-headed ogre
  6133 | D:8      | Killed a two-headed ogre
  6390 | D:8      | Found a shattered altar of Ashenzari.
  6576 | D:8      | Reached skill level 8 in Fighting
  6576 | D:8      | Reached skill level 8 in Dodging
  6600 | D:8      | Found a snail-covered altar of Cheibriados.
  7161 | D:9      | Reached skill level 1 in Invocations
  7295 | D:9      | Noticed a tengu warrior
  7308 | D:9      | Killed a tengu warrior
  7317 | D:9      | Noticed a gargoyle
  7322 | D:9      | Reached skill level 2 in Invocations
  7322 | D:9      | Reached XP level 11. HP: 67/113 MP: 9/11
  7333 | D:9      | Got an ichor-stained short sword {protect}
  7395 | D:9      | Got a fine hand crossbow
  7841 | D:9      | Reached skill level 9 in Dodging
  7847 | D:9      | Reached skill level 9 in Fighting
  8127 | D:9      | Noticed a two-headed ogre
  8135 | D:9      | Killed a two-headed ogre
  8206 | D:9      | Found a bloodstained altar of Trog.
  8222 | D:9      | Found a stormy altar of Qazlal.
  8470 | D:10     | Entered Level 10 of the Dungeon
  8488 | D:10     | Reached skill level 3 in Invocations
  8496 | D:10     | Received a gift from Okawaru
  8528 | D:10     | Noticed SmSkdm's ghost (journeyman GnTm)
  8553 | D:10     | Killed SmSkdm's ghost
  8561 | D:10     | Got a translucent triple sword {god gift}
  8667 | D:10     | Found a runed door.
  8980 | D:10     | Reached skill level 4 in Invocations
  9274 | D:10     | Reached skill level 10 in Fighting
  9274 | D:10     | Reached skill level 10 in Dodging
  9313 | D:10     | Found a roughly hewn altar of Beogh.
  9428 | Lair:1   | Entered Level 1 of the Lair of Beasts
  9765 | Lair:1   | Reached ****** piety under Okawaru
  9765 | Lair:1   | Reached skill level 1 in Armour
  9825 | Lair:1   | Noticed an oklob plant
  9844 | Lair:1   | Reached XP level 12. HP: 126/126 MP: 11/14
  9922 | Lair:1   | Reached skill level 2 in Armour
  9930 | Lair:1   | Reached skill level 5 in Invocations
 10670 | Lair:2   | Reached skill level 3 in Armour
 10958 | Lair:2   | Received a gift from Okawaru
 10963 | Lair:2   | Got a shimmering quarterstaff {god gift}
 11001 | Lair:2   | Found a staircase to the Swamp.
 11133 | Lair:2   | Reached skill level 11 in Unarmed Combat
 11251 | Lair:2   | Reached skill level 6 in Invocations
 11355 | Lair:2   | Reached skill level 4 in Armour
 11878 | Lair:3   | Found a labyrinth entrance.
 11887 | Lab      | Entered a labyrinth
 12014 | Lab      | Noticed a minotaur
 12020 | Lab      | Killed a minotaur
 12023 | Lab      | Identified the Handbook of Damaging Augmentations
 12025 | Lab      | Got a translucent leather armour
 12197 | Lair:3   | Reached skill level 5 in Armour
 12202 | Lair:3   | Found a hole to the Spider Nest.
 12439 | Lair:3   | Reached skill level 12 in Unarmed Combat
 12829 | Lair:4   | Noticed a six-headed hydra
 12838 | Lair:4   | Killed a six-headed hydra
 12838 | Lair:4   | Reached XP level 13. HP: 133/133 MP: 16/16
 12853 | Lair:4   | Reached skill level 6 in Armour
 13089 | Lair:4   | Reached skill level 7 in Armour
 13369 | Lair:4   | Found a frozen archway.
 13378 | IceCv    | Entered an ice cave
 13527 | IceCv    | Reached skill level 13 in Unarmed Combat
 13542 | IceCv    | Received a gift from Okawaru
 13787 | IceCv    | Noticed a reaper
 13837 | IceCv    | Killed a reaper
 13871 | IceCv    | Got shimmering ice dragon scales
 13882 | IceCv    | Got an ebony demon blade
 13952 | IceCv    | Identified the +3 ice dragon scales "Ovubusea" {rF- rC++ MR+ Stlth+} (You found it in an ice cave)
 14102 | Lair:4   | Identified the +9 demon blade "Fenostan" {venom, +Blink Str+3 Int-3 Dex+2} (You found it in an ice cave)
 14440 | Lair:5   | Reached skill level 8 in Armour
 15042 | Lair:5   | Received a gift from Okawaru
 15374 | Lair:6   | Entered Level 6 of the Lair of Beasts
 15450 | Lair:6   | Reached skill level 14 in Unarmed Combat
 15470 | Lair:5   | Reached skill level 9 in Armour
 15470 | Lair:5   | Reached XP level 14. HP: 86/143 MP: 15/17
 15929 | Lair:6   | Received a gift from Okawaru
 15932 | Lair:6   | Got a slimy great mace {god gift}
 16152 | D:5      | Bought a +5 ring of protection for 715 gold pieces
 16710 | Lair:6   | Found a runed door.
 16923 | Lair:6   | Reached skill level 10 in Armour
 16988 | Lair:6   | Reached skill level 15 in Unarmed Combat
 17326 | Lair:6   | Received a gift from Okawaru
 17327 | Lair:6   | Identified Elyuh's Compendium of Cold and Curses
 17454 | Lair:6   | Found a viscous altar of Jiyva.
 17688 | Lair:6   | Found a staircase to the Slime Pits.
 17873 | D:11     | Found Ponag's Distillery.
 17873 | D:11     | Noticed Fannar
 17879 | D:11     | Noticed Erica
 17884 | D:11     | Killed Fannar
 17914 | D:11     | Killed Erica
 17942 | D:11     | Found Himufrasm's Antique Weapon Shoppe.
 17944 | D:11     | Found Kas Ute's General Store.
 18154 | D:11     | Found Zubios's Gadget Shop.
 18211 | D:11     | Noticed lux767's ghost (journeyman DsFE)
 18219 | D:11     | Killed lux767's ghost
 18691 | D:12     | Found a roughly hewn altar of Beogh.
 18814 | D:12     | Found a staircase to the Orcish Mines.
 18830 | D:12     | Reached skill level 11 in Armour
 18830 | D:12     | Reached XP level 15. HP: 149/149 MP: 18/18
 18836 | D:12     | Found Yriunudd's Food Shop.
 18846 | D:12     | Found Vaokics's Assorted Antiques.
 18856 | D:12     | Bought a scroll of enchant armour for 232 gold pieces
 19024 | D:12     | Found Jeodar's Gadget Emporium.
 19095 | D:12     | Reached skill level 16 in Unarmed Combat
 19126 | D:12     | Found Enilox's Armour Shop.
 19595 | Orc:1    | Entered Level 1 of the Orcish Mines
 19605 | Orc:1    | Found a flagged portal.
 19642 | Bailey   | Entered a bailey
 19838 | Bailey   | Identified the Almanac of the Frostbite and Malediction
 20134 | Orc:1    | Found Hoduv's Book Boutique.
 20556 | Orc:2    | Entered Level 2 of the Orcish Mines
 20667 | Orc:2    | Found a bloodstained altar of Trog.
 20820 | Orc:2    | Found a staircase to the Elven Halls.
 20882 | Orc:2    | Found Puta's Jewellery Boutique.
 20962 | Orc:2    | Received a gift from Okawaru
 20973 | Orc:2    | Reached skill level 11 in Fighting
 21071 | Orc:2    | Got a polished quick blade {god gift}
 21077 | Orc:2    | Found Geec's Gadget Shop.
 21132 | Orc:2    | Found a roughly hewn altar of Beogh.
 21216 | Orc:2    | Found Huisood's Jewellery Shoppe.
 21225 | Orc:2    | Found Urcho's Food Boutique.
 21460 | Orc:1    | Found Keihy's Antique Weapon Emporium.
 21737 | D:13     | Reached skill level 12 in Armour
 21746 | D:13     | Found a gate to the Vaults.
 21774 | D:13     | Received a gift from Okawaru
 21782 | D:13     | Got a twisted longbow {god gift}
 22436 | D:13     | Reached XP level 16. HP: 161/165 MP: 19/19
 22867 | D:14     | Received a gift from Okawaru
 23106 | D:14     | Reached skill level 1 in Throwing
 23251 | D:14     | Reached skill level 12 in Fighting
 23414 | D:14     | Reached skill level 2 in Throwing
 23516 | D:15     | Entered Level 15 of the Dungeon
 23558 | D:15     | Found a runed door.
 23564 | D:15     | Found a staircase to the Depths.
 23928 | D:15     | Reached skill level 3 in Throwing
 24131 | D:15     | Received a gift from Okawaru
 24396 | D:15     | Reached skill level 4 in Throwing
 24412 | D:15     | Identified Amus's Compendium of Ashen Shape Shifting
 24416 | D:15     | Got a smoking amber ring
 24495 | D:15     | Identified the ring "Qopnoul" {Wiz *Corrode +Blink rN+ Dex+4} (You found it on level 15 of the Dungeon)
 24733 | Swamp:1  | Entered Level 1 of the Swamp
 24737 | Swamp:1  | Received a gift from Okawaru
 24867 | Swamp:1  | Reached skill level 5 in Throwing
 24984 | Swamp:1  | HP: 41/167 [poisoned by a swamp dragon (poison gas)]
 24989 | Swamp:1  | HP: 37/167 [poisoned by a swamp dragon (poison gas)]
 24994 | Swamp:1  | HP: 35/167 [poisoned by a swamp dragon (poison gas)]
 24999 | Swamp:1  | HP: 36/167 [poisoned by a swamp dragon (poison gas)]
 25005 | Swamp:1  | HP: 38/167 [poisoned by a swamp dragon (poison gas)]
 25694 | Swamp:2  | Received a gift from Okawaru
 25735 | Swamp:2  | Reached skill level 1 in Evocations
 25782 | Swamp:2  | Received a gift from Okawaru
 25924 | Swamp:2  | Noticed Kirke
 25943 | Swamp:3  | Noticed a thorn hunter
 25949 | Swamp:3  | Killed a thorn hunter
 25949 | Swamp:3  | Reached skill level 2 in Evocations
 26007 | Swamp:3  | Reached skill level 13 in Fighting
 26548 | Swamp:3  | Reached skill level 3 in Evocations
 26789 | Swamp:4  | Entered Level 4 of the Swamp
 26819 | Swamp:4  | Noticed a thorn hunter
 26825 | Swamp:4  | Killed a thorn hunter
 26825 | Swamp:4  | Received a gift from Okawaru
 26916 | Swamp:4  | Noticed a thorn hunter
 26926 | Swamp:4  | Killed a thorn hunter
 27054 | Swamp:4  | Reached skill level 4 in Evocations
 27054 | Swamp:4  | Reached XP level 17. HP: 117/178 MP: 16/20
 27196 | Swamp:4  | HP: 19/178 [thorn hunter/volley of thorns (37)]
 27203 | Swamp:4  | HP: 38/178 [thorn hunter (8)]
 27207 | Swamp:4  | Received a gift from Okawaru
 27444 | Swamp:4  | Reached skill level 5 in Evocations
 27452 | Swamp:4  | HP: 44/179 [eight-headed hydra (8)]
 27725 | Swamp:4  | HP: 36/179 [swamp worm[a spriggan druid] (16)]
 27729 | Swamp:4  | HP: 10/179 [swamp worm[a spriggan druid] (12)]
 27730 | Swamp:4  | Slain by a swamp worm

Skill      XL: |  1  2  3  4  5  6  7  8  9 10 11 12 13 14 15 16 17 |
---------------+----------------------------------------------------+-----
Unarmed Combat | 4 5 6 7 8 9 10 12 14 15 16 | 16.6
Fighting       | 5 6 8 10 11 13 | 13.8
Dodging        | 5 6 8 10 | 10.0
Invocations    | 2 4 6 |  6.0
Armour         | 1 5 9 11 12 | 12.4
Throwing       | 5 |  5.2
Evocations     | 4 5 |  5.4
Stealth        | |  1.0

Action                   |  1- 3 |  4- 6 |  7- 9 | 10-12 | 13-15 | 16-18 || total
-------------------------+-------+-------+-------+-------+-------+-------++-------
Melee: Unarmed           |   126 |    77 |   267 |   756 |  1301 |   596 ||  3123
       Punch             |     1 |       |    14 |    46 |   129 |    54 ||   244
 Fire: Blowgun           |       |     3 |       |       |       |       ||     3
Throw: Javelin           |       |     5 |     9 |    12 |    50 |       ||    76
       Large rock        |       |       |       |       |    15 |    89 ||   104
Invok: Heroism           |       |       |     5 |    19 |    38 |    22 ||    84
       Finesse           |       |       |       |     4 |    14 |     7 ||    25
Evoke: Wand              |       |       |       |     3 |     9 |     7 ||    19
       Lightning rod     |       |       |       |       |       |     1 ||     1
       Phial of floods   |       |       |       |       |       |     1 ||     1
       Sack of spiders   |       |       |       |       |       |     1 ||     1
  Use: Scroll            |       |       |    13 |     8 |    14 |     5 ||    40
       Potion            |       |       |       |     1 |       |     4 ||     5
 Stab: Sleeping          |     4 |       |     4 |     5 |     1 |     1 ||    15
       Distracted        |       |       |       |     1 |       |       ||     1
  Eat: Chunk             |    15 |     8 |    33 |    66 |    93 |    48 ||   263
Armor: Robe              |    42 |    15 |    50 |    33 |       |       ||   140
       Troll leather arm |       |       |       |   110 |    36 |       ||   146
       Ice dragon scales |       |       |       |       |   422 |   174 ||   596
       Swamp dragon scal |       |       |       |       |       |   242 ||   242
Dodge: Dodged            |    52 |    22 |   100 |   465 |   733 |   613 ||  1985

Vault maps used:
D:1:      dpeg_arrival_subterranean_lakeside_camping,
          nemelex_xobeh_ov_fountains_minmay
D:2:      uniq_terence
D:3:      grunt_gozag_statues, uniq_crazy_yiuf_cottage, uniq_grinder
D:4:      minmay_temple_entry_overgrown
D:5:      zin_angel, overflow_temple_1_default, first_ration, serial_shops,
          shop, shop, nicolae_shop_stone, uniq_sigmund
D:6:      kennysheep_mini
D:7:      lemuel_coloured_pillars_altar, nicolae_overflow_crystal_walls,
          eat_drink_and_be_merry_uskayaw
D:8:      slow_altar_1, lemuel_crystal_altar, due_lair_maze_entry_diamond,
          basic_altar
D:9:      minmay_the_grid_triangle_9x9_rhombus_full, kennysheep_mini_moat,
          grunt_qazlal_sundering
D:10:     david_nohive_1, lightli_church_of_beogh
D:11:     serial_shops, shop, shop, nicolae_shop_statue_plus,
          nicolae_shop_behind_doors, minivault_5, uniq_fannar, uniq_erica
D:12:     orc_0_dummy, special_room, serial_shops, nicolae_shop_statue_plus,
          shop, nicolae_shop_overgrown_old_shop, shop, roderic_lattice_a
D:13:     erik_vaults_2
D:14:     minmay_misc_feat_columns
D:15:     grunt_enter_depths_giant_problem, columned_hall_lemuel,
          minmay_st_funbox
Temple:   cyrus_temple_forest
Lair:1:   special_room, gammafunk_lair_bear_cave, minmay_lair_oklob_chamber,
          grunt_megastairs_1, infiniplex_staircase_pool
Lair:2:   swamp_mist_pool
Lair:3:   spider_nest_entry_a, lab_entry_generic, nicolae_quartered_pool_little,
          beast_lair_carwin_6, serial_bayou_shore_b
Lair:4:   portal_ice_cave_entry_pillars_2
Lair:5:   grunt_megastairs_2
Lair:6:   gammafunk_lair_ancient_temple, slime_altar_2
Swamp:1:  evilmike_swamp_ruin_house_1, swamp_pool5,
          nicolae_swamp_very_dense_foliage, infiniplex_staircase_pool_2
Swamp:2:  evilmike_swamp_ruin_rubble_2, uniq_kirke
Swamp:3:  hangedman_swamp_lotus
Swamp:4:  swamp
Orc:1:    cheibrodos_orc_bank, serial_shops, shop_fountains, shop,
          enter_bailey_3, nicolae_orc_rich_vein
Orc:2:    st_orc_open, basic_altar, mines1_david
Lab:      labyrinth_mini_lab, labyrinth_skeletal_remains, labyrinth_glass_1,
          nicolae_lab_blocks, nicolae_lab_quarters
Bailey:   bailey_polearm_gnolls_kennysheep, bailey
IceCv:    ice_cave_small_demon

Table legend:
 A = Turns spent in this place as a percentage of turns spent in the entire game.
 B = Non-inter-level travel turns spent in this place as a percentage of non-inter-level travel turns spent in the entire game.
 C = Inter-level travel turns spent in this place as a percentage of turns spent in this place.
 D = Turns resting spent in this place as a percentage of non-inter-level travel turns spent in this place.
 E = Turns spent auto-exploring this place as a percentage of non-inter-level travel turns spent in this place.
 F = Non-inter-level travel turns spent in this place divided by the number of levels of this place that you've seen.
                   A       B       C       D       E      F
               +-------+-------+-------+-------+-------+----------------------
         Total | 100.0 | 100.0 |   6.3 |  13.6 |  54.0 | 838.5
       Dungeon |  51.2 |  51.5 |   5.7 |  10.4 |  60.8 | 892.1
        Temple |   0.4 |   0.4 |  18.9 |   0.0 |  36.4 |  99.0
          Lair |  26.8 |  26.1 |   8.8 |  15.8 |  52.5 | 1130.5
         Swamp |  10.8 |  11.3 |   2.4 |  22.2 |  42.6 | 731.2
  Orcish Mines |   6.1 |   5.8 |  10.9 |   3.7 |  58.5 | 749.0
     Labyrinth |   0.6 |   0.7 |   0.0 |   0.0 |   0.0 | 174.0
        Bailey |   1.6 |   1.7 |   0.0 |  13.2 |  40.1 | 431.0
      Ice Cave |   2.5 |   2.7 |   0.0 |  42.9 |   0.0 | 702.0
               +-------+-------+-------+-------+-------+----------------------

Table legend:
 A = Kills in this place as a percentage of kills in entire the game.
 B = Kills by you in this place as a percentage of kills by you in the entire game.
 C = Kills by friends in this place as a percentage of kills by friends in the entire game.
 D = Other kills in this place as a percentage of other kills in the entire game.
 E = Experience gained in this place as a percentage of experience gained in the entire game.
 F = Experience gained in this place divided by the number of levels of this place that you have seen.
                   A       B       C       D       E      F
               +-------+-------+-------+-------+-------+----------------------
         Total | 100.0 | 100.0 |   N/A | 100.0 | 100.0 | 7669.8
       Dungeon |  47.2 |  47.3 |   N/A |   0.0 |  35.3 | 5592.9
          Lair |  21.1 |  21.1 |   N/A |   0.0 |  26.7 | 10563.0
         Swamp |  11.5 |  11.5 |   N/A |   0.0 |  24.2 | 14407.0
  Orcish Mines |  14.6 |  14.6 |   N/A |   0.0 |  10.3 | 12213.0
     Labyrinth |   0.1 |   0.1 |   N/A |   0.0 |   0.5 | 1078.0
        Bailey |   2.8 |   2.8 |   N/A |   0.0 |   0.5 | 1189.0
      Ice Cave |   2.8 |   2.7 |   N/A | 100.0 |   2.6 | 6173.0
               +-------+-------+-------+-------+-------+----------------------
